 Dungeon Crawl Stone Soup version 0.29.1-4-g47bece8355 (webtiles) character file.

Game seed: 11174370118078772623

50 GigaChad the Trooper (level 3, -2/34 HPs)
             Began as a Minotaur Abyssal Knight on Dec 9, 2022.
             Was a Priest of Lugonu.
             Slain by Sigmund
             ... wielding a +0 scythe
              (7 damage)
             ... on level 2 of the Dungeon.
             The game lasted 00:02:56 (1564 turns).

GigaChad the Trooper (Minotaur Abyssal Knight)      Turns: 1564, Time: 00:02:57

Health: -2/34      AC:  3    Str: 19    XL:     3   Next: 55%
Magic:  3/3        EV:  9    Int:  7    God:    Lugonu [***...]
Gold:   97         SH:  6    Dex: 10    Spells: 2/2 levels left

rFire   . . .      SeeInvis .   a - +1 falchion
rCold   . . .      Faith    .   p - +0 kite shield
rNeg    . . .      Spirit   .   b - +0 leather armour
rPois   .          Reflect  .   (helmet restricted)
rElec   .          Harm     .   (no cloak)
rCorr   .          Rampage  .   (no gloves)
Will    .....                   (no boots)
Stlth   +.........              (no amulet)
HPRegen 0.11/turn               (no ring)
MPRegen 0.08/turn               (no ring)

@: no status effects
A: horns 2, retaliatory headbutt
a: Renounce Religion, Depart the Abyss, Bend Space, Banish


You were on level 2 of the Dungeon.
You worshipped Lugonu.
Lugonu was most pleased with you.
You visited 1 branch of the dungeon, and saw 2 of its levels.
You visited the Abyss 1 time.

You collected 97 gold pieces.

Inventory:

Hand Weapons
 a - a +1 falchion (weapon)
Missiles
 j - 4 javelins
 k - 3 silver javelins
Armour
 b - a +0 leather armour (worn)
 i - a +0 buckler
 p - a +0 kite shield (worn)
Scrolls
 c - 2 scrolls of amnesia {unknown}
 d - a scroll of teleportation {unknown}
 f - a scroll of fear {unknown}
 l - 2 scrolls of noise {unknown}
 m - a scroll of poison {unknown}
 o - a scroll of enchant weapon {unknown}
Potions
 e - a potion of cancellation {unknown}
 g - 2 potions of flight {unknown}
 h - 2 potions of mutation {unknown}
 n - a potion of attraction {unknown}
 q - 2 potions of haste {unknown}


   Skills:
 + Level 4.5 Fighting
 + Level 2.8 Long Blades
 + Level 2.8 Armour
 + Level 1.3 Dodging
 * Level 0.2 Shields
 * Level 2.4 Invocations


You had 2 spell levels left.
You didn't know any spells.
Your spell library contained the following spells:

 Spells                   Type           Power      Damage    Failure   Level
 Sandblast                Erth           0%         2d4       89%         1
 Passwall                 Tmut/Erth      0%         N/A       96%         2
 Poisonous Vapours        Pois/Air       0%         N/A       96%         2
 Stone Arrow              Conj/Erth      0%         3d7       99%         3
 Corpse Rot               Necr/Pois/Air  0%         N/A       100%        4


Dungeon Overview and Level Annotations

Branches:
Dungeon (2/15)

Altars:
Gozag

Annotations:
D:2 Sigmund


Innate Abilities, Weirdness & Mutations

You have a pair of horns on your head.
You reflexively headbutt those who attack you in melee.


Message History

Lugonu accepts your kill. The goblin hits you with a +0 club.
You slash the goblin!
You kill the goblin!
Lugonu accepts your kill.
You feel sick.
You are no longer poisoned.
You now have 97 gold pieces (gained 9).
You see here a +0 club.
You see here a +1 whip of venom.
You see here a +0 club.
You see here a +2 dagger of electrocution.
You see here a bat corpse.
Found a leather armour.
Found a dagger.
Okay, then.
Sigmund the Dreaded comes into view.
He is wielding a +0 scythe and wearing a +2 robe of willpower.
Sigmund shouts!
Sigmund barely misses you.
Sigmund is nearby!
You block Sigmund's attack.
You closely miss Sigmund. Sigmund hits you with a +0 scythe!
You hit Sigmund but do no damage. Sigmund gestures at you while chanting.
You are confused.
Sigmund hits you with a +0 scythe!
You barely miss Sigmund. Your headbutt misses Sigmund.
You bump into the rock wall.
Sigmund barely misses you.
You bump into the rock wall.
Sigmund hits you with a +0 scythe!
You miss Sigmund. Sigmund hits you with a +0 scythe.
You bump into the rock wall.
You feel less confused.
You hit Sigmund.
Sigmund is lightly wounded.
Sigmund hits you with a +0 scythe.
* * * LOW HITPOINT WARNING * * *
You hit Sigmund.
Sigmund is moderately wounded.
Sigmund hits you with a +0 scythe!
You die...

(...
......#......########......
####
......#....#...##....#.....
..
............#.#.##....#.....
.##
.......#....#.#.............
..
.......#....#.####..........
..### #....#.# #..........
#####..# #####......
..######.## #......
#.....@@.# #......
########## ##..... ##....
#####


You could see Sigmund.

Vanquished Creatures
  An adder (D:2)
  2 dart slugs (D:1)
  4 bats
  3 endoplasms
  2 giant cockroaches (D:1)
  5 goblins
  3 hobgoblins (D:1)
  3 quokkas (D:1)
  3 ball pythons
  2 frilled lizards (D:1)
  6 rats
34 creatures vanquished.

Notes
Turn   | Place    | Note
-------+----------+-------------------------------------------
     0 | Abyss:1  | GigaChad the Minotaur Abyssal Knight began the quest for
                  | the Orb.
     0 | Abyss:1  | Reached XP level 1. HP: 19/19 MP: 1/1
     3 | D:1      | Escaped the Abyss
   135 | D:1      | Reached skill level 4 in Fighting
   135 | D:1      | Reached XP level 2. HP: 22/27 MP: 2/2
   859 | D:1      | Reached XP level 3. HP: 32/34 MP: 3/3
   860 | D:1      | Reached *** piety under Lugonu
  1056 | D:2      | Found an opulent altar of Gozag.
  1113 | D:2      | Found a faded altar of an unknown god.
  1553 | D:2      | Noticed Sigmund
  1564 | D:2      | Slain by Sigmund

Illustrated notes

Levels and vault maps discovered:
D:1:      eino_arrival_water_star, layout_rooms
D:2:      layout_rooms, chequers_ecumenical_altar_simple, basic_altar,
          minmay_pentomino_p4, uniq_sigmund

Skill      XL: |  1 |
---------------+----+-----
Invocations    | 2 |  2.4
Fighting       | 4 |  4.5
Long Blades    | |  2.8
Armour         | |  2.8
Dodging        | |  1.3
Shields        | |  0.2

Action                   || total
-------------------------++-------
Melee: Falchion          ||    66
       Headbutt          ||     5
  Use: Scroll            ||     1
Armor: Leather armour    ||    23
Dodge: Dodged            ||    63
Block: Kite shield       ||     9
       Buckler           ||     1
